 Dungeon Crawl Stone Soup version 0.29-a0-100-g60f898f876 (webtiles) character file.

Game seed: 17681228465102705971

112124 TheGamechu the Warrior (level 16, -4/228 HPs)
             Began as a Minotaur Berserker on Feb 10, 2022.
             Was the Champion of Trog.
             Slain by a five-headed hydra (6 damage)
             ... on level 4 of the Swamp on Feb 14, 2022.
             The game lasted 01:34:28 (23974 turns).

TheGamechu the Warrior (Minotaur Berserker)        Turns: 23974, Time: 01:34:29

Health: -4/228     AC: 29    Str: 39    XL:     16   Next: 11%
Magic:  0/15       EV: 11    Int:  4    God:    Trog [******]
Gold:   2131       SH:  0    Dex: 11    Spells: 15/15 levels left

rFire   + . .      SeeInvis .   V - +7 Screaming Sword {vorpal, sonic wave}
rCold   + . .      Faith    .   w - +0 kite shield
rNeg    . . .      Spirit   +   R - +7 scale mail "Gaypla" {Fly Regen+ Str+9 Dex-5}
rPois   .          Reflect  .   M - +2 hat
rElec   .          Harm     .   f - +1 cloak
rCorr   .          Rampage  ∞   o - +3 pair of gloves "Himp" {Will+}
Will    ++...                   c - +3 pair of seven-league boots {Rampage+∞}
Stlth   ..........              y - amulet of guardian spirit
HPRegen 1.28/turn               z - +6 ring of strength
MPRegen 0.14/turn               k - ring "Nieviore" {rF+ rC+ Stlth+}

@: confused, berserking, lethally poisoned (-4 -> -5), about to teleport,
flying, very quick
A: horns 2, retaliatory headbutt
a: Renounce Religion, Berserk, Trog's Hand, Brothers in Arms


You were on level 4 of the Swamp.
You worshipped Trog.
Trog was exalted by your worship.
You visited 5 branches of the dungeon, and saw 25 of its levels.
You visited the Abyss 1 time.
You also visited: Gauntlet.

You collected 2454 gold pieces.
You spent 323 gold pieces at shops.

Inventory:

Hand Weapons
 V - the +7 Screaming Sword (weapon) {vorpal, sonic wave}
   (You found it in a Gauntlet)

   It inflicts extra damage upon your enemies.
   It radiates damaging sonic waves as it strikes, especially in combat
   involving dangerous or numerous foes.
 Y - the +8 trident of Loivit {protect, Int+2}
   (You found it on level 6 of the Lair of Beasts)

   It grants its wielder temporary protection when it strikes (+7 to AC).
   Int:       It affects your intelligence (+2).
Missiles
 b - 50 poisoned darts
 g - 8 atropa-tipped darts
 i - 22 javelins
 j - 22 boomerangs (quivered)
 n - 10 curare-tipped darts
 v - 15 silver javelins
 D - 4 throwing nets
Armour
 c - the +3 pair of seven-league boots (worn) {Rampage+∞}
   (You acquired it on level 3 of the Dungeon)

   Its wearer moves as far as possible in that direction when moving towards
   enemies.
 f - a +1 cloak (worn)
 o - the +3 pair of gloves "Himp" (worn) {Will+}
   (You found it in a Gauntlet)

   Will:      It increases your willpower.
 w - a +0 kite shield (worn)
 M - a +2 hat (worn)
 R - the +7 scale mail "Gaypla" (worn) {Fly Regen+ Str+9 Dex-5}
   (You took it off a minotaur in a Gauntlet)

   Str:       It affects your strength (+9).
   Dex:       It affects your dexterity (-5).
   Fly:       It grants you flight.
   Regen:     It increases your rate of health regeneration.
Jewellery
 a - a ring of see invisible
 k - the ring "Nieviore" (right hand) {rF+ rC+ Stlth+}
   (You found it in a Gauntlet)

   [ring of protection from fire]

   rF:        It protects you from fire.
   rC:        It protects you from cold.
   Stlth:     It makes you more stealthy.
 y - an amulet of guardian spirit (around neck)
 z - a +6 ring of strength (left hand)
 J - a ring of positive energy
 U - the ring "Nuesm" {rF++ Str+6}
   (You found it in a Gauntlet)

   [ring of strength]

   Str:       It affects your strength (+6).
   rF:        It greatly protects you from fire.
 X - a ring of willpower
Wands
 q - a wand of digging (8)
 u - a wand of acid (16)
 N - a wand of iceblast (26)
 O - a wand of charming (3)
 T - a wand of paralysis (29)
Scrolls
 l - 4 scrolls of teleportation
 p - 5 scrolls of identify
 t - 2 scrolls of fear
 A - a scroll of silence
 C - a scroll of summoning
 G - 3 scrolls of blinking
 P - 2 scrolls of magic mapping
 Q - a scroll of holy word
 W - 4 scrolls of enchant weapon
 Z - a scroll of enchant armour
Potions
 d - 2 potions of berserk rage {unknown}
 e - 4 potions of mutation
 h - 4 potions of haste
 m - a potion of cancellation
 r - 3 potions of curing
 s - 5 potions of might
 x - 5 potions of resistance
 B - 5 potions of lignification
 E - 6 potions of ambrosia
 I - a potion of heal wounds
Miscellaneous
 H - a tin of tremorstones (2/2)
 S - a box of beasts


   Skills:
 + Level 16.7 Fighting
 * Level 14.9 Long Blades
 - Level 13.0 Axes
 + Level 13.5 Throwing
 + Level 12.0 Armour
 - Level 4.0 Dodging
 - Level 12.0 Shields
 - Level 6.0 Evocations


You had 15 spell levels left.
You didn't know any spells.
Your spell library was empty.

Dungeon Overview and Level Annotations

Branches:
Dungeon (12/15)            Temple (1/1) D:7            Lair (6/6) D:9
  Swamp (4/4) Lair:2        Snake (0/4) Lair:2        Slime (0/5) Lair:5
    Orc (2/2) D:12            Elf (0/3) Orc:2       Gauntlet (visited)

Altars:
Ashenzari
Cheibriados
Dithmenos
Elyvilon
Fedhas
Gozag
Hepliaklqana
Kikubaaqudgha
Makhleb
Nemelex Xobeh
Okawaru
Qazlal
Ru
Sif Muna
Trog
Uskayaw
Vehumet
Wu Jian
Xom
Yredelemnul
Zin
The Shining One
Beogh

Shops:
D:9 *   Orc:2 [:**(


Innate Abilities, Weirdness & Mutations

You have a pair of horns on your head.
You reflexively headbutt those who attack you in melee.


Message History

The seven-headed hydra bites you but does no damage.
The seven-headed hydra closely misses you.
The seven-headed hydra bites you.
* * * LOW HITPOINT WARNING * * *
The seven-headed hydra misses you.
You block the seven-headed hydra's attack.
The seven-headed hydra closely misses you.
The seven-headed hydra bites you but does no damage.
The swamp dragon breathes poison at you.
The blast of poison engulfs you.
You are poisoned.
* * * LOW HITPOINT WARNING * * *
You block the five-headed hydra's attack.
The five-headed hydra bites you!
* * * LOW HITPOINT WARNING * * *
The five-headed hydra bites you but does no damage. x3
The eleionoma flows through the trees.
You hear a hideous shriek!
A red film seems to cover your vision as you go berserk!
You feel yourself moving faster!
You feel mighty!
You are engulfed in noxious fumes.
You choke on the stench!
You are confused.
You feel very sick.
The spriggan druid is engulfed in poison gas.
The spriggan druid is poisoned.
The seven-headed hydra closely misses you.
The seven-headed hydra bites you.
* * * LOW HITPOINT WARNING * * *
The seven-headed hydra bites you.
* * * LOW HITPOINT WARNING * * *
The seven-headed hydra bites you but does no damage.
The seven-headed hydra bites you!
* * * LOW HITPOINT WARNING * * *
The seven-headed hydra bites you but does no damage. x2
The swamp dragon bites you but does no damage.
The swamp dragon claws you but does no damage.
The swamp dragon barely misses you. The five-headed hydra bites you!
* * * LOW HITPOINT WARNING * * *
The five-headed hydra closely misses you.
The five-headed hydra bites you.
You die...

###.φ≈≈..###
#≈..≈≈≈≈.≈≈##
..≈≈≈≈≈≈.≈..##
...≈≈≈≈≈≈....#
..Dnn≈D○k...#
#.kn.DDi...#
#kDDR°.# #@♣
#DDD°#
.k≈D♣°...
♣♣.°k≈.≈[..≈
...≈ ..$≈.≈≈≈≈
...≈.≈..≈§.≈§♣.
♣..≈ ≈≈.≈.≈≈♣♣
♣♣≈....≈≈≈≈..


You could see an eleionoma, a seven-headed hydra, a six-headed hydra, 2
five-headed hydras, a four-headed hydra, 5 swamp dragons, a spriggan druid
(poisoned), 3 bog bodies and 5 swamp drakes.

Vanquished Creatures
  3 fenstrider witches (Swamp:3)
  An orc warlord (Orc:2)
  2 minotaurs
  3 eleionomae
  4 bunyips
  A shambling mangrove (Swamp:2)
  Josephine (Lair:3)
  A spriggan air mage (Swamp:1)
  2 boulder beetles (D:11)
  Harold (D:7)
  2 ghost crabs
  17 hydras
  The ghost of bande the Cleaver, a journeyman GrFi of Okawaru (Lair:2)
  5 alligators
  4 two-headed ogres
  2 catoblepae
  4 death yaks (Lair:5)
  The ghost of jr88keys the Spear-Bearer, a novice MfIE of Yredelemnul (D:9)
  2 spriggan berserkers (Swamp:2)
  2 orc high priests
  Nergalle (Orc:1)
  Urug (Orc:2)
  Sonja (Lair:1)
  2 fire crabs (Lair:4)
  A death drake (Gauntlet)
  4 goliath frogs
  4 bog bodies
  2 swamp dragons (Swamp:1)
  4 spriggan druids
  An orange crystal statue (D:12)
  A glowing orange brain (Gauntlet)
  A deep elf pyromancer (D:10)
  An obsidian statue (D:12)
  4 orc knights
  6 orc sorcerers
  A wolf spider zombie (Gauntlet)
  An ugly thing (Gauntlet)
  9 elephants
  A spectral centaur (Gauntlet)
  2 cyclopes (D:12)
  A manticore (D:12)
  6 will-o-the-wisps
  3 centaur zombies
  2 black mambas (Lair:4)
  8 cane toads
  3 rime drakes
  7 komodo dragons
  A kobold demonologist (D:11)
  4 burning bushes (Lair:4)
  6 polar bears
  3 trolls
  6 tyrant leeches
  A queen bee (Lair:3)
  A bloated husk (Swamp:2)
  17 hornets
  3 blink frogs (Lair:3)
  2 slime creatures (Lair:5)
  6 dream sheep (Lair:6)
  5 wraiths (Lair:4)
  26 spriggans
  A vampire (D:12)
  3 wyverns (Lair:2)
  51 yaks
  4 basilisks
  A steam dragon (Lair:5)
  8 vampire mosquitoes
  10 swamp worms
  3 wargs (Orc:2)
  2 nagas (Lair:2)
  18 water moccasins
  A sky beast (D:7)
  A swamp drake (Swamp:1)
  25 orc warriors
  3 ice beasts
  4 boggarts (Lair:6)
  9 black bears
  8 ogres
  23 wolves
  3 necrophages
  11 centaurs
  3 kobold brigands
  12 bullfrogs
  2 gnoll sergeants
  A scorpion (D:4)
  A wyvern zombie (D:8)
  A water moccasin skeleton (D:5)
  34 killer bees
  7 wights
  2 howler monkeys (D:10)
  A bullfrog zombie (D:5)
  3 hounds
  5 jellies
  A bullfrog skeleton (D:6)
  23 orc priests
  2 gnoll shamans
  2 iguanas
  17 orc wizards
  A killer bee zombie (D:8)
  3 howler monkey zombies
  15 gnolls
  12 adders
  A shadow imp (D:7)
  2 ufetubi
  2 worms
  A dart slug (D:4)
  56 orcs
  5 ball pythons
  2 bats (D:3)
  7 endoplasms
  3 giant cockroaches
  11 goblins
  4 hobgoblins
  11 jackals
  21 kobolds
  2 quokkas (D:1)
  A frilled lizard (D:2)
  6 rats
  A bush (Lair:4)
691 creatures vanquished.

Vanquished Creatures (collateral kills)
  Gastronok (D:11)
  A centaur zombie (D:11)
  Psyche (D:11)
  An orc warrior (D:9)
  A black bear (D:9)
  A centaur (D:11)
6 creatures vanquished.

Vanquished Creatures (others)
  A bloated husk (Swamp:2)
  A swamp drake (Swamp:1)
  17 foxfires
  78 fungi
  107 plants
  4 withered plants (D:8)
208 creatures vanquished.

Grand Total: 905 creatures vanquished

Notes
Turn   | Place    | Note
-------+----------+-------------------------------------------
     0 | D:1      | TheGamechu the Minotaur Berserker began the quest for the
                  | Orb.
     0 | D:1      | Reached XP level 1. HP: 19/19 MP: 0/0
   465 | D:1      | Reached XP level 2. HP: 17/27 MP: 1/1
   934 | D:1      | Reached skill level 4 in Fighting
  1191 | D:2      | Reached XP level 3. HP: 25/33 MP: 2/2
  1528 | D:2      | Reached ** piety under Trog
  1769 | D:2      | Found a faded altar of an unknown god.
  1773 | D:2      | Reached XP level 4. HP: 40/40 MP: 3/3
  2547 | D:3      | Identified a scroll of acquirement
  2547 | D:3      | Acquired the +3 pair of seven-league boots {Rampage+∞}
  2547 | D:3      | Found the +3 pair of seven-league boots {Rampage+∞}
  2670 | D:3      | Identified the +2 chain mail of the Constellations {rC+}
  3149 | D:4      | Reached XP level 5. HP: 47/47 MP: 4/4
  3398 | D:3      | Reached skill level 5 in Fighting
  3399 | D:3      | Reached skill level 5 in Axes
  3520 | D:4      | Reached XP level 6. HP: 50/56 MP: 5/5
  3609 | D:4      | Reached *** piety under Trog
  3825 | D:4      | Identified the ring "Boshron" {Contam *Corrode rElec rPois
                  | rN+ Dex+3}
  3988 | D:5      | Entered Level 5 of the Dungeon
  4092 | D:5      | Reached skill level 1 in Throwing
  4173 | D:5      | Reached skill level 5 in Armour
  4194 | D:5      | Reached XP level 7. HP: 53/62 MP: 6/6
  4418 | D:5      | Reached skill level 6 in Fighting
  5001 | D:6      | Reached XP level 8. HP: 71/71 MP: 7/7
  5157 | D:6      | Reached skill level 7 in Fighting
  5919 | D:7      | Reached skill level 1 in Shields
  6106 | D:7      | Found a staircase to the Ecumenical Temple.
  6428 | D:7      | Noticed Harold
  6460 | D:7      | Killed Harold
  6461 | D:7      | Reached skill level 8 in Fighting
  6461 | D:7      | Reached XP level 9. HP: 81/81 MP: 6/8
  6594 | D:7      | Reached skill level 5 in Throwing
  6594 | D:7      | Reached skill level 5 in Shields
  6676 | D:7      | Reached **** piety under Trog
  6764 | D:7      | Noticed a two-headed ogre
  6777 | D:7      | Killed a two-headed ogre
  7155 | D:7      | Found the +8 Wrath of Trog {antimagic, *Rage Rampage}
  7359 | Temple   | Entered the Ecumenical Temple
  7516 | D:7      | Reached skill level 9 in Fighting
  7806 | D:8      | Reached XP level 10. HP: 77/91 MP: 9/9
  9196 | D:9      | Found a staircase to the Lair.
  9224 | D:9      | Reached skill level 10 in Fighting
  9225 | D:9      | Reached skill level 10 in Axes
  9456 | D:9      | Found a runed translucent door.
  9458 | D:9      | Noticed jr88keys's ghost (novice MfIE)
  9459 | D:9      | Identified the +6 trident "Hazxape" {vorpal, rN+}
  9469 | D:9      | Found a radiant altar of Vehumet.
  9820 | D:9      | Found Joikaxes's Assorted Antiques.
  9837 | D:9      | Found a sacrificial altar of Ru.
  9837 | D:9      | Found a shadowy altar of Dithmenos.
  9837 | D:9      | Found a bloodstained altar of Trog.
  9841 | D:9      | Found a glowing silver altar of Zin.
  9842 | D:9      | Found a shimmering altar of Xom.
  9843 | D:9      | Found a white marble altar of Elyvilon.
  9847 | D:9      | Found a hazy altar of Hepliaklqana.
  9849 | D:9      | Found a glowing golden altar of the Shining One.
  9851 | D:9      | Found a hide-covered altar of Uskayaw.
  9855 | D:9      | Found an ornate altar of the Wu Jian Council.
  9856 | D:9      | Found a stormy altar of Qazlal.
 10095 | D:9      | Killed jr88keys's ghost
 10105 | D:9      | Reached skill level 10 in Shields
 10109 | D:9      | Reached XP level 11. HP: 101/101 MP: 8/10
 10181 | D:10     | Entered Level 10 of the Dungeon
 10181 | D:10     | Noticed a deep elf pyromancer
 10209 | D:10     | Killed a deep elf pyromancer
 10371 | D:10     | Reached skill level 1 in Evocations
 10619 | D:10     | Found an iron altar of Okawaru.
 10667 | D:10     | Reached skill level 11 in Fighting
 11053 | D:11     | Noticed Gastronok
 11064 | D:11     | Noticed Psyche
 11068 | D:11     | Killed Gastronok
 11078 | D:11     | Killed Psyche
 11363 | D:11     | Noticed a five-headed hydra
 11368 | D:11     | Killed a five-headed hydra
 11525 | D:11     | Noticed an eight-headed hydra
 11530 | D:11     | Killed an eight-headed hydra
 11667 | D:11     | Noticed a boulder beetle
 11686 | D:11     | Killed a boulder beetle
 11687 | D:11     | Reached skill level 5 in Evocations
 11772 | D:11     | Noticed a boulder beetle
 11780 | D:11     | Killed a boulder beetle
 11781 | D:11     | Reached XP level 12. HP: 112/112 MP: 11/11
 12128 | D:12     | Noticed a two-headed ogre
 12135 | D:12     | Killed a two-headed ogre
 12216 | D:12     | Noticed a two-headed ogre
 12221 | D:12     | Killed a two-headed ogre
 12222 | D:12     | Reached skill level 12 in Fighting
 12678 | D:12     | Lost intelligence.
 12684 | D:12     | Noticed a boulder beetle
 12684 | D:12     | Noticed a two-headed ogre
 12684 | D:12     | Noticed a centaur warrior
 12899 | Lair:1   | Entered Level 1 of the Lair of Beasts
 12951 | Lair:1   | Noticed a seven-headed hydra
 12958 | Lair:1   | Killed a seven-headed hydra
 12995 | Lair:1   | Noticed Sonja
 13013 | Lair:1   | Cast into level 1 of the Abyss (Sonja)
 13089 | Abyss:1  | Noticed a bone dragon
 13091 | Abyss:1  | Noticed a starcursed mass
 13092 | Lair:1   | Escaped the Abyss
 13113 | Lair:1   | Killed Sonja
 13147 | Lair:1   | HP: 8/169 [poisoned by a cane toad]
 13230 | Lair:1   | Found a gate leading to a gauntlet.
 13240 | Gauntlet | Entered a Gauntlet
 13240 | Gauntlet | Found a transporter.
 13264 | Gauntlet | Noticed a green death
 13513 | Gauntlet | Found a transporter.
 13533 | Gauntlet | Found a transporter.
 13534 | Gauntlet | Found a transporter.
 13553 | Gauntlet | Found a transporter.
 13566 | Gauntlet | Found a transporter.
 13569 | Gauntlet | Found a transporter.
 13573 | Gauntlet | Found a transporter.
 13596 | Gauntlet | Noticed a hell beast
 13600 | Gauntlet | Found a transporter.
 13620 | Gauntlet | Found a transporter.
 13622 | Gauntlet | Found a transporter.
 13627 | Gauntlet | Noticed a hell hog
 13630 | Gauntlet | Found a transporter.
 13730 | Gauntlet | Identified the +3 pair of gloves "Himp" {Will+}
 13935 | Gauntlet | Reached skill level 13 in Fighting
 14236 | Gauntlet | Identified the ring "Nieviore" {rF+ rC+ Stlth+}
 14264 | Gauntlet | Found the +7 Singing Sword {vorpal, sonic wave}
 14265 | Gauntlet | Identified the +7 scale mail "Gaypla" {Fly Regen+ Str+9
                  | Dex-5}
 14265 | Gauntlet | Noticed a minotaur
 14278 | Gauntlet | Killed a minotaur
 14279 | Gauntlet | Reached skill level 10 in Throwing
 14302 | Gauntlet | Identified the ring "Nuesm" {rF++ Str+6}
 14302 | Gauntlet | Identified the +8 hunting sling "Hink" {venom, Dex+4}
 14760 | Lair:1   | Noticed a six-headed hydra
 14764 | Lair:1   | Killed a six-headed hydra
 15057 | Lair:2   | Reached skill level 1 in Long Blades
 15068 | Lair:2   | Found a staircase to the Swamp.
 15104 | Lair:2   | Noticed a minotaur
 15232 | Lair:2   | Reached XP level 13. HP: 122/122 MP: 12/12
 15292 | Lair:2   | Noticed bande's ghost (journeyman GrFi)
 15301 | Lair:2   | Found a runed translucent gate.
 15301 | Lair:2   | Found a runed translucent gate.
 15301 | Lair:2   | Found a runed translucent gate.
 15410 | Lair:2   | Found a staircase to the Snake Pit.
 15989 | Lair:2   | Killed a minotaur
 15999 | Lair:2   | Killed bande's ghost
 16416 | Lair:3   | Reached skill level 5 in Long Blades
 16421 | Lair:3   | Reached ***** piety under Trog
 16980 | Lair:4   | Noticed Josephine
 17003 | Lair:4   | Reached skill level 14 in Fighting
 17023 | Lair:3   | Killed Josephine
 17024 | Lair:3   | Reached skill level 10 in Armour
 17917 | Lair:5   | Reached XP level 14. HP: 73/133 MP: 7/13
 17990 | Lair:5   | Received a gift from Trog
 18043 | Lair:5   | Found a staircase to the Slime Pits.
 18495 | Lair:6   | Entered Level 6 of the Lair of Beasts
 18866 | Lair:6   | Identified the +8 trident of Loivit {protect, Int+2}
 18930 | Lair:6   | Reached skill level 10 in Long Blades
 18997 | Lair:6   | Reached skill level 15 in Fighting
 19026 | Lair:6   | Reached ****** piety under Trog
 19091 | Lair:6   | Identified the +5 broad axe of Serendipity {flame, rN++}
                  | (Trog gifted it to you on level 6 of the Lair of Beasts)
 19091 | Lair:6   | Received a gift from Trog
 19115 | Lair:6   | Found the +7 great mace "Firestarter" {inner flame, rF++}
 19126 | Lair:6   | Identified the amulet "Cierafi" {Reflect *Slow rN+ Int+3
                  | SH+5}
 19406 | D:12     | Found a staircase to the Orcish Mines.
 19756 | Orc:1    | Entered Level 1 of the Orcish Mines
 20104 | Orc:2    | Entered Level 2 of the Orcish Mines
 20105 | Orc:2    | Found Durphom's Assorted Antiques.
 20120 | Orc:2    | Received a gift from Trog
 20169 | Orc:1    | Noticed Nergalle
 20172 | Orc:1    | Killed Nergalle
 20559 | Orc:2    | Found a staircase to the Elven Halls.
 20565 | Orc:2    | Noticed Urug
 20568 | Orc:2    | Noticed an orc warlord
 20574 | Orc:2    | Killed Urug
 20575 | Orc:2    | Reached XP level 15. HP: 55/141 MP: 3/14
 20910 | Orc:2    | Killed an orc warlord
 20934 | Orc:2    | Found Liklu's General Store.
 20939 | Orc:2    | Found Icrantad's Antique Weapon Shoppe.
 20946 | Orc:2    | Found Cohaat's Antique Armour Shoppe.
 21018 | Orc:2    | Found Hojuaj's Book Shoppe.
 21083 | Orc:2    | Bought a crude tower shield for 323 gold pieces
 21083 | Orc:2    | Identified the -9 tower shield of Deulotup {Rampage rPois
                  | rF+ MP+9} (You bought it in a shop on level 2 of the Orcish
                  | Mines)
 21521 | Swamp:1  | Entered Level 1 of the Swamp
 21559 | Swamp:1  | Received a gift from Trog
 22314 | Swamp:2  | Reached skill level 16 in Fighting
 23021 | Swamp:3  | Upgraded the game from 0.29-a0-96-g93358da72b to
                  | 0.29-a0-100-g60f898f876
 23350 | Swamp:3  | Noticed a fenstrider witch
 23356 | Swamp:3  | Killed a fenstrider witch
 23357 | Swamp:3  | Noticed a fenstrider witch
 23358 | Swamp:3  | Noticed a fenstrider witch
 23364 | Swamp:3  | Killed a fenstrider witch
 23366 | Swamp:3  | Killed a fenstrider witch
 23478 | Swamp:3  | Found a runed translucent door.
 23509 | Swamp:3  | Reached XP level 16. HP: 141/152 MP: 12/15
 23934 | Swamp:4  | Entered Level 4 of the Swamp
 23974 | Swamp:4  | HP: 9/228 [seven-headed hydra (10)]
 23974 | Swamp:4  | HP: 2/228 [five-headed hydra (7)]
 23974 | Swamp:4  | Slain by a five-headed hydra

Illustrated notes

Levels and vault maps discovered:
D:1:      roderic_dead_forest, layout_basic
D:2:      layout_basic, shapermc_ecumenical_altar_acropolis, minmay_pentomino_v2
D:3:      layout_rooms, serial_bayou, serial_bayou_pond_e, serial_bayou_shore_a,
          serial_bayou_crossing, serial_bayou_shore_b
D:4:      layout_basic, serial_forest, infiniplex_forest_lined_3,
          infiniplex_forest_lined_2, infiniplex_forest_clump_cross,
          infiniplex_forest_lined_3_way, infiniplex_forest_clump_long
D:5:      layout_basic, roderic_serpentine_path, chequers_serial_rivers_marsh
D:6:      layout_loops_corners, kennysheep_small_square
D:7:      layout_basic, minmay_temple_entry_antechambers, uniq_harold
D:8:      layout_basic, serial_undead, serial_undead_f, serial_undead_d,
          serial_undead_b, serial_undead_b
D:9:      layout_gridville, nicolae_overflow_hallway_of_the_gods,
          mainiacjoe_overflow_boulevard, due_lair_maze_entry_diamond,
          ebering_ghost_funeral_grove, serial_shops, shop
D:10:     layout_cave_pools, mainiacjoe_overflow_chevrons
D:11:     layout_loops_ring, uniq_psyche, uniq_gastronok
D:12:     minmay_separated_statues, layout_basic, hiddenorc1_lemuel
Temple:   nicolae_temple_figure_zero
Lair:1:   layout_hall_layers, gauntlet_entry_generic, lemuel_fruit_fields,
          uniq_sonja
Lair:2:   layout_concentric_octagons, swamp_mist_pool,
          guppyfry_snake_entry_island, maelrawn_ghost_gauntlet_escape,
          grunt_megastairs_1
Lair:3:   layout_roguey [special_room_bee]
Lair:4:   layout_loops_ring, evilmike_ambush [evilmike_ambush_outer_basic,
          evilmike_ambush_inner_cross], grunt_megastairs_3,
          infiniplex_staircase_pool, lemuel_fruit_tree, uniq_josephine
Lair:5:   layout_gridlike, minmay_slime_entry_pillars, serial_bayou_shore_b
Lair:6:   minmay_lair_end_enchanted_forest, layout_regular_city
Swamp:1:  layout_basic_swamp, nicolae_swamp_feature_on_the_river_bank
Swamp:2:  layout_basic_swamp, nicolae_swamp_dense_foliage,
          infiniplex_staircase_pool_2
Swamp:3:  layout_basic_swamp, evilmike_swamp_ruin_house_5,
          nzn_swamp_weyward_sisters
Swamp:4:  swamp_alternative, layout_basic_swamp
Orc:1:    layout_caves, sword_in_stone, uniq_nergalle
Orc:2:    grunt_orc_cross, layout_diamond_mine, serial_shops,
          nicolae_shop_overgrown_old_shop

Skill      XL: |  1  2  3  4  5  6  7  8  9 10 11 12 13 14 15 16 |
---------------+-------------------------------------------------+-----
Axes           | 4 5 6 8 9 10 11 13 | 13.0
Fighting       | 4 5 6 8 9 10 11 13 14 15 16 | 16.7
Armour         | 3 4 5 6 8 10 11 12 | 12.0
Dodging        | 3 4 |  4.0
Throwing       | 1 3 4 5 7 8 10 11 12 13 | 13.5
Shields        | 4 7 10 11 12 | 12.0
Evocations     | 5 6 |  6.0
Long Blades    | 1 8 11 14 | 14.9

Action                   |  1- 3 |  4- 6 |  7- 9 | 10-12 | 13-15 | 16-18 || total
-------------------------+-------+-------+-------+-------+-------+-------++-------
Melee: Hand axe          |    77 |   139 |   243 |   315 |       |       ||   774
       Headbutt          |    12 |    21 |    41 |   119 |   130 |     4 ||   327
       Punch             |       |     1 |     2 |       |       |       ||     3
       Trident           |       |       |       |   173 |    72 |       ||   245
       Double sword      |       |       |       |     9 |   640 |    33 ||   682
Throw: Javelin           |       |     2 |       |       |       |       ||     2
       Stone             |       |     9 |       |     2 |       |       ||    11
       Dart              |       |       |     8 |    15 |     4 |       ||    27
       Boomerang         |       |       |       |     2 |    33 |     8 ||    43
Invok: Berserk           |       |       |     2 |     6 |     1 |     1 ||    10
       Trog's Hand       |       |       |     1 |     5 |     3 |       ||     9
       Brothers in Arms  |       |       |       |     2 |       |       ||     2
Evoke: Tin of tremorston |       |       |       |       |     2 |       ||     2
  Use: Scroll            |       |    12 |       |     7 |    11 |     3 ||    33
       Potion            |       |       |       |     1 |     1 |     2 ||     4
 Stab: Petrified         |       |       |       |       |     5 |       ||     5
Armor: Animal skin       |     8 |       |       |       |       |       ||     8
       Scale mail        |     9 |    11 |       |     2 |   579 |    33 ||   634
       Chain mail        |       |    63 |   155 |   304 |       |       ||   522
Dodge: Dodged            |    52 |    61 |   113 |   195 |   319 |    15 ||   755
Block: Kite shield       |       |       |    61 |   330 |   444 |    24 ||   859

Table legend: (Time is in decaauts)
 A = Elapsed time spent in this place.
 B = Non-inter-level travel time spent in this place.
 C = Inter-level travel time spent in this place.
 D = Time resting spent in this place.
 E = Time spent auto-exploring this place.
 F = Levels seen in this place.
 G = Mean time per level.
                   A        B        C        D        E       F      G
               +--------+--------+--------+--------+--------+-----+--------+
         Total |  24414 |  22835 |   1579 |   1788 |  16581 |  27 |  904.2 |
       Dungeon |  13566 |  12571 |    995 |    977 |   9648 |  12 | 1130.5 |
        Temple |    123 |    114 |      9 |      0 |    109 |   1 |  123.0 |
          Lair |   5484 |   5132 |    352 |     42 |   3804 |   6 |  914.0 |
         Swamp |   2429 |   2346 |     83 |    189 |   1509 |   4 |  607.2 |
  Orcish Mines |   1587 |   1448 |    139 |     81 |   1039 |   2 |  793.5 |
         Abyss |    118 |    118 |      0 |     64 |      0 |   1 |  118.0 |
      Gauntlet |   1104 |   1104 |      0 |    433 |    471 |   1 | 1104.0 |
               +--------+--------+--------+--------+--------+-----+--------+

Top non-repeatable levels by time:
     D:7: 1806 daAuts
     D:9: 1765 daAuts
     D:2: 1300 daAuts
    D:12: 1294 daAuts
     D:1: 1188 daAuts
  Lair:1: 1159 daAuts
  Lair:2: 1132 daAuts
Gauntlet: 1104 daAuts
   Orc:2: 1070 daAuts
     D:6: 1054 daAuts
    D:11: 1001 daAuts
 Swamp:3: 941 daAuts
     D:3: 940 daAuts
  Lair:3: 921 daAuts
    D:10: 919 daAuts
